 Dungeon Crawl Stone Soup version 0.29-b1-12-g9e2288ab2a (webtiles) character file.

Game seed: 16233534034997226752

38 Zeldest the Trooper (level 3, -4/17 (20) HPs)
             Began as a Vine Stalker Chaos Knight on Aug 23, 2022.
             Was a Plaything of Xom.
             Slain by a goblin
             ... wielding a +0 dagger
             ... led by Robin
              (5 damage)
             ... on level 2 of the Dungeon.
             The game lasted 00:01:54 (1649 turns).

Zeldest the Trooper (Vine Stalker Chaos Knight)     Turns: 1649, Time: 00:01:54

HP:   -4/17 (20)    AC:  6    Str: 16    XL:     3   Next: 43%
MP:   0/4           EV:  9    Int: 12    God:    Xom [...*..]
Gold: 69            SH:  0    Dex: 13    Spells: 2/2 levels left

rFire   . . .      SeeInvis .   b - +1 hand axe (flame)
rCold   . . .      Faith    +   (no shield)
rNeg    . . .      Spirit   +   j - +0 scale mail
rPois   .          Reflect  .   (no helmet)
rElec   .          Harm     .   (no cloak)
rCorr   .          Rampage  .   (no gloves)
Will    +....                   (no boots)
Stlth   ..........              i - amulet of faith
HPRegen 0.05/turn               f - ring of willpower
MPRegen 0.09/turn               (no ring)

@: about to teleport, heavily drained
A: fangs 2, magic shield, antimagic bite, no potion heal 2
a: Renounce Religion


You were on level 2 of the Dungeon.
You worshipped Xom.
You were a favourite toy of Xom.
You visited 1 branch of the dungeon, and saw 2 of its levels.

You collected 69 gold pieces.

Inventory:

Hand Weapons
 b - a +1 hand axe of flaming (weapon)
Armour
 j - a +0 scale mail (worn)
Jewellery
 f - a ring of willpower (left hand)
 i - an amulet of faith (around neck)
Scrolls
 a - a scroll of teleportation
 g - a scroll of magic mapping {unknown}
 h - a scroll of fog {unknown}
 k - a scroll of enchant armour {unknown}
Potions
 d - a potion of curing {unknown}
 e - a potion of lignification {unknown}
Miscellaneous
 c - a piece from Xom's chessboard (13/15) (quivered)


   Skills:
 + Level 3.1 Fighting
 - Level 3.0 Short Blades
 * Level 0.8 Axes
 + Level 2.1 Armour
 - Level 0.7 Dodging


You had 2 spell levels left.
You didn't know any spells.
Your spell library contained the following spells:

 Spells                   Type           Power      Damage    Failure   Level
 Apportation              Tloc           0%         N/A       77%         1
 Necrotise                Necr           0%         1d4       77%         1
 Summon Small Mammal      Summ           0%         N/A       77%         1


Dungeon Overview and Level Annotations

Branches:
Dungeon (2/15)

Altars:

Annotations:
D:2 Robin


Innate Abilities, Weirdness & Mutations

You have extremely sharp teeth.
When hurt, damage is shared between your health and your magic reserves.
Your bite disrupts and absorbs the magic of your enemies.
Potions cannot restore your health.


Message History

You hit the hobgoblin. You burn the hobgoblin.
You kill the hobgoblin!
You hit the goblin. You burn the goblin.
You kill the goblin!
You barely miss the hobgoblin. The hobgoblin barely misses you.
The hobgoblin attacks as you move away! The hobgoblin hits you.
The goblin attacks as you move away! The goblin misses you.
Robin says, "Kneel, worm!"
You closely miss the hobgoblin. Your bite misses the hobgoblin.
The hobgoblin barely misses you. The hobgoblin closely misses you.
You hit the hobgoblin but do no damage.
You bite the hobgoblin, but do no damage.
The hobgoblin hits you.
* * * LOW HITPOINT WARNING * * *
Robin says, "A pitiful Vine Stalker like you will never find the ORB!"
You hit the hobgoblin. You burn the hobgoblin.
The hobgoblin is heavily wounded.
The hobgoblin hits you.
* * * LOW HITPOINT WARNING * * *
Robin throws the goblin at you!
You hit the goblin. You burn the goblin.
You kill the goblin!
You hit the hobgoblin. You burn the hobgoblin.
You kill the hobgoblin!
The goblin hits you with a +0 dagger.
* * * LOW HITPOINT WARNING * * *
Okay, then.
As you read the scroll labelled QOCOISMA LUNG, it crumbles to dust.
You feel strangely unstable.
It was a scroll of teleportation.
The goblin hits you with a +0 dagger.
* * * LOW HITPOINT WARNING * * *
The goblin attacks as you move away! The goblin hits you but does no damage.
Things that are here:
a +0 club; 6 stones Xom opens a gate.
The goblin no longer looks unusually strong.
Robin roars a battlecry!
The goblin goes into a battle-frenzy!
The goblin attacks as you move away! The goblin hits you with a +0 dagger.
You die...

.............
##...........
.##............$.#####
............#.........
#.)g# ....##### ##)##
........g #g#
........w .#######g##
~........ .....5.@..#
.~....... ########.##
.~..~~... #.....#
~..~..~.. #.#####
~.⌠~..~..
#######.#####
..~⌠.~...
............#
..~..~..~
#######...###
~~.!~..~~ ###.#
....~..~. #.#


You could see Robin, a hobgoblin (strong), a goblin (strong, ally target) and a
friendly shadow imp (summoned).

Vanquished Creatures
  A dart slug (D:1)
  2 endoplasms
  7 goblins
  4 hobgoblins
  3 jackals (D:1)
  2 kobolds (D:1)
  3 quokkas
  2 ball pythons
  5 bats
  A frilled lizard (D:2)
  2 rats (D:1)
32 creatures vanquished.

Vanquished Creatures (others)
  A ball python zombie (D:1)
1 creature vanquished.

Grand Total: 33 creatures vanquished

Notes
Turn   | Place    | Note
-------+----------+-------------------------------------------
     0 | D:1      | Zeldest the Vine Stalker Chaos Knight began the quest for
                  | the Orb.
     0 | D:1      | Reached XP level 1. HP: 11/11 MP: 2/2
    13 | D:1      | XOM: butterfly on damage
   242 | D:1      | XOM: silly message
   322 | D:1      | Reached XP level 2. HP: 13/16 MP: 3/3
   415 | D:1      | Found a faded altar of an unknown god.
   655 | D:1      | XOM: 2-stop teleportation journey
   680 | D:1      | XOM: summons 2 hostile demons
  1179 | D:1      | Reached XP level 3. HP: 18/20 MP: 4/4
  1312 | D:1      | XOM: draining
  1631 | D:2      | Noticed Robin
  1634 | D:2      | XOM: swap monsters
  1648 | D:2      | XOM: summons friendly shadow imp
  1649 | D:2      | Slain by a goblin

Illustrated notes

Levels and vault maps discovered:
D:1:      sevenhm_arrival_forest_fort_large_4, layout_rooms, serial_curves,
          eino_curves_01, eino_curves_04, shapermc_ecumenical_altar_pompeii
D:2:      cheibrodos_helix_gallery, layout_loops_ring, basic_altar,
          eino_tiny_chamber, uniq_robin

Skill      XL: |  1  2 |
---------------+-------+-----
Short Blades   | 3 |  3.0
Fighting       | 3 |  3.1
Armour         | 2 |  2.1
Axes           | |  0.8
Dodging        | |  0.7

Action                   || total
-------------------------++-------
Melee: Short sword       ||    62
       Bite              ||    18
       Punch             ||     2
       Hand axe          ||    33
Evoke: Piece from Xom's  ||     3
  Use: Scroll            ||     1
Armor: Leather armour    ||    32
       Scale mail        ||    23
Dodge: Dodged            ||    58
